 Dungeon Crawl Stone Soup version 0.21-a0-356-g45b0a09 (webtiles) character file.

2916 tof the Cruncher (level 9, -22/63 HPs)
             Began as a Barachi Gladiator on Oct 12, 2017.
             Was a Follower of Wu Jian.
             Annihilated by a two-headed ogre
             ... wielding a +0 giant spiked club
              (42 damage)
             ... on level 8 of the Dungeon.
             The game lasted 00:16:36 (8602 turns).

tof the Cruncher (Barachi Gladiator)                Turns: 8602, Time: 00:16:37

Health: -22/63     AC: 13    Str: 16      XL:     9   Next: 79%
Magic:  9/9        EV: 14    Int:  8      God:    Wu Jian [*.....]
Gold:   322        SH:  0    Dex: 15 (17) Spells: 8/8 levels left

rFire    . . .     SeeInvis .   I - +3 quarterstaff (chaos)
rCold    . . .     Gourm    .   (shield currently unavailable)
rNeg     + . .     Faith    .   v - +3 ring mail
rPois    .         Spirit   .   c - +0 helmet
rElec    .         Reflect  .   (no cloak)
rCorr    .         Harm     .   A - +0 pair of gloves
MR       .....                  e - +0 pair of boots
Stlth    +.........             (no amulet)
HPRegen  0.20/turn              J - ring of positive energy
MPRegen  0.11/turn              o - +4 ring of slaying

@: slow
A: +LOS, swims, frail 1, slowness 1, strong legs 1
a: Hop, Renounce Religion


You were on level 8 of the Dungeon.
You worshipped Wu Jian.
Wu Jian was aware of your devotion.
You were not hungry.

You visited 2 branches of the dungeon, and saw 9 of its levels.

You collected 322 gold pieces.

Inventory:

Hand Weapons
 a - a +0 quarterstaff
 I - a +3 quarterstaff of chaos (weapon)
Missiles
 b - 3 javelins
 d - 3 throwing nets (quivered)
Armour
 c - a +0 helmet (worn)
 e - a +0 pair of boots (worn)
 v - a +3 ring mail (worn)
 w - a +0 cloak
 A - a +0 pair of gloves (worn)
 L - a +2 cloak
Jewellery
 j - a +5 ring of strength
 o - a +4 ring of slaying (right hand)
 z - an uncursed ring of flight
 J - a ring of positive energy (left hand)
Wands
 l - a wand of disintegration (13/24)
 F - a wand of iceblast (4/15)
Scrolls
 g - a scroll of fog
 m - 2 scrolls of amnesia {unknown}
 n - 3 scrolls of enchant armour {unknown}
 p - 5 scrolls of remove curse
 q - a scroll of random uselessness {unknown}
 t - 2 scrolls of teleportation
 x - a scroll of fear {unknown}
 y - a scroll of immolation {unknown}
 G - a scroll of vulnerability {unknown}
Potions
 f - a potion of heal wounds {unknown}
 h - 2 potions of curing
 k - a potion of berserk rage {unknown}
 r - a potion of flight {unknown}
 u - 3 potions of degeneration {unknown}
 B - a potion of experience {unknown}
 D - a potion of brilliance {unknown}
 E - a potion of haste {unknown}
 H - 2 potions of mutation {unknown}
Books
 C - a book of Misfortune

   Spells                             Type                      Level
   a - Confusing Touch                Hexes                        1
   b - Confuse                        Hexes                        3
   c - Gell's Gravitas                Translocation                3
   d - Petrify                        Transmutation/Earth          4
   e - Metabolic Englaciation         Hexes/Ice                    5
   f - Yara's Violent Unravelling     Hexes/Transmutation          5
Comestibles
 i - 6 fruits
 s - 3 meat rations
 K - 2 chunks of flesh


   Skills:
 + Level 6.4 Fighting
 * Level 8.5 Staves
 + Level 5.4 Throwing
 + Level 8.1 Armour
 + Level 6.4 Dodging


You had 8 spell levels left.
You didn't know any spells.

Dungeon Overview and Level Annotations

Branches:
Dungeon (8/15)             Temple (1/1) D:6
   Lair: D:8-11

Altars:
Ashenzari
Cheibriados
Dithmenos
Elyvilon
Fedhas
Gozag
Hepliaklqana
Kikubaaqudgha
Makhleb
Nemelex Xobeh
Okawaru
Qazlal
Ru
Sif Muna
Trog
Vehumet
Wu Jian
Xom
Yredelemnul
Zin
The Shining One


Innate Abilities, Weirdness & Mutations

Shadows flee at your approach. (+LOS)
You can swim through water.
You cover ground slowly.
You can hop short distances.
You are frail. (-10% HP)


Message History

The two-headed ogre is caught in the net!
A steam dragon comes into view.
The steam dragon hisses angrily.
The two-headed ogre struggles against the net. x2
You see here a dagger.
The two-headed ogre struggles against the net.
The two-headed ogre struggles against the net.
You catch the helpless two-headed ogre completely off-guard!
You hit the two-headed ogre.
The two-headed ogre goes berserk!
The two-headed ogre is lightly wounded.
The two-headed ogre struggles against the net.
The net rips apart, and the two-headed ogre comes free!
The two-headed ogre hits you with a giant spiked club!!
Ouch! That really hurt!
The two-headed ogre hits you with a giant club!
You hit the two-headed ogre. You freeze the two-headed ogre.
The two-headed ogre is lightly wounded.
The two-headed ogre hits you with a giant spiked club!!!
Ouch! That really hurt!
You die...

..♣..P. P ....≈♣ ..
...≈≈♣.≈. #.##
##..♣≈≈≈≈♣.
#....####.♣..≈≈≈≈≈.
#.....<..P♣..≈♣≈≈
####...).#P..≈≈.≈
###....#P....
##@....# #O##......
.D. ###.... ....#
##. ..#... ..###...
#.# #.. .. ... #.
....


You could see a two-headed ogre (berserk) and a steam dragon.

Vanquished Creatures
  Maurice (D:8)
  Grinder (D:3)
  Eustachio (D:6)
  A steam dragon (D:7)
  An orc warrior (D:7)
  2 sky beasts (D:6)
  A centaur (D:5)
  A crocodile (D:7)
  A bullfrog (D:7)
  4 scorpions
  5 killer bees (D:7)
  4 wights (D:7)
  3 howler monkeys (D:7)
  A crimson imp (D:5)
  A jelly (D:5)
  A quasit (D:8)
  Crazy Yiuf (D:7)
  6 orc priests
  2 hounds
  6 orc wizards
  A centaur skeleton (D:6)
  2 bullfrog skeletons
  An iguana (D:5)
  Natasha (D:4)
  A hound zombie (D:5)
  A hound skeleton (D:5)
  4 gnolls (D:6)
  8 adders
  2 shadow imps
  An ooze (D:2)
  2 adder zombies
  An adder skeleton (D:7)
  A worm (D:3)
  3 leopard geckos
  26 orcs
  5 ball pythons
  5 bats
  7 giant cockroaches
  11 hobgoblins
  2 jackals (D:5)
  9 kobolds
  7 quokkas
  2 frilled lizards
  2 goblins
  A jackal zombie (D:5)
  11 rats
161 creatures vanquished.

Notes
Turn   | Place    | Note
-------+----------+-------------------------------------------
     0 | D:1      | tof the Barachi Gladiator began the quest for the Orb.
     0 | D:1      | Reached XP level 1. HP: 17/17 MP: 1/1
   223 | D:1      | Reached XP level 2. HP: 22/23 MP: 2/2
   268 | D:1      | Reached skill level 1 in Armour
   775 | D:2      | Reached XP level 3. HP: 15/28 MP: 3/3
  1277 | D:2      | Reached XP level 4. HP: 34/34 MP: 4/4
  1367 | D:2      | Found a faded altar of an unknown god.
  1814 | D:2      | Found a bloodstained altar of Trog.
  2199 | D:3      | Noticed Grinder
  2218 | D:3      | Paralysed by Grinder for 5 turns
  2525 | D:3      | Killed Grinder
  2525 | D:3      | Reached XP level 5. HP: 23/41 MP: 5/5
  2525 | D:3      | Reached XP level 6. HP: 26/47 MP: 6/6
  2789 | D:3      | Reached skill level 5 in Staves
  3267 | D:4      | Reached XP level 7. HP: 34/53 MP: 7/7
  3726 | D:4      | Noticed Natasha
  3734 | D:4      | Killed Natasha
  3858 | D:4      | Reached skill level 5 in Armour
  4310 | D:5      | Entered Level 5 of the Dungeon
  4589 | D:5      | Reached XP level 8. HP: 59/61 MP: 8/8
  4830 | D:5      | Reached skill level 5 in Dodging
  5876 | D:6      | Reached skill level 5 in Fighting
  5961 | D:6      | Gained mutation: You are frail. (-10% HP) [mutagenic meat]
  6157 | D:6      | Found a staircase to the Ecumenical Temple.
  6167 | Temple   | Entered the Ecumenical Temple
  6191 | Temple   | Became a worshipper of the Wu Jian Council
  6306 | D:6      | Noticed Eustachio
  6332 | D:6      | Killed Eustachio
  6415 | D:7      | Reached XP level 9. HP: 46/61 MP: 9/9
  7611 | D:7      | Found a runed door.
  7615 | D:7      | Noticed Crazy Yiuf
  7623 | D:7      | Killed Crazy Yiuf
  7800 | D:7      | Reached skill level 5 in Throwing
  8158 | D:8      | Noticed Maurice
  8262 | D:7      | Reached * piety under Wu Jian
  8472 | D:8      | Killed Maurice
  8596 | D:8      | Noticed a two-headed ogre
  8602 | D:8      | Annihilated by a two-headed ogre

Vault maps used:
D:1:      saegor_arrival_simple_e, kennysheep_boxes
D:2:      lightli_temple_of_fire, chequers_ecumenical_altar_grove,
          grunt_ministairs_12
D:3:      hangedman_abyss_or_decor_stabs, serial_bayou_pond_b, uniq_grinder
D:4:      first_bread, uniq_natasha
D:5:      kb_lookout_dungeons_type
D:6:      temple_hall, uniq_eustachio
D:7:      serial_glass, glass_columns_b, glass_columns_a,
          uniq_crazy_yiuf_cottage
D:8:      basic_altar, serial_shops, shop, serial_bayou_pond_a,
          hangedman_little_slice_of_home, minmay_guarded_unrand_variability,
          uniq_erica, uniq_prince_ribbit1, uniq_maurice
Temple:   grunt_wide_crystal_templ

Skill      XL: |  1  2  3  4  5  6  7  8  9 |
---------------+----------------------------+-----
Armour         | 1 2 3 4 5 7 8 |  8.1
Staves         | 4 5 6 7 8 |  8.5
Fighting       | 3 4 5 6 |  6.4
Throwing       | 3 4 5 |  5.4
Dodging        | 4 5 6 |  6.4

Action                   |  1- 3 |  4- 6 |  7- 9 || total
-------------------------+-------+-------+-------++-------
Melee: Quarterstaff      |    82 |   102 |   393 ||   577
Throw: Throwing net      |       |       |     1 ||     1
 Abil: Hop               |       |       |     1 ||     1
  Use: Scroll            |       |     4 |     2 ||     6
       Potion            |       |       |     3 ||     3
 Stab: Sleeping          |       |     1 |       ||     1
       Held in net/web   |       |       |     1 ||     1
       Petrifying        |       |       |     1 ||     1
  Eat: Chunk             |     1 |     3 |    11 ||    15
       Bread ration      |       |     1 |     2 ||     3
       Royal jelly       |       |       |     1 ||     1
Armor: Leather armour    |    38 |    28 |       ||    66
       Ring mail         |       |     1 |   206 ||   207
Dodge: Dodged            |    77 |    95 |   340 ||   512

Table legend:
 A = Spawn XP
 B = Non-spawn XP
 C = Spawn XP percentage of total XP
 D = Spawn monster count
 E = Non-spawn monster count
 F = Spawn count percentage of total count
 G = Total turns spent on level
                    A         B        C        D         E        F      G
               +---------+---------+-------+---------+---------+-------+---------
         Total |       0 |    4167 |   0.0 |       0 |     161 |   0.0 |  8602
               +---------+---------+-------+---------+---------+-------+---------
           D:1 |       0 |      24 |   0.0 |       0 |      15 |   0.0 |   742
           D:2 |       0 |      73 |   0.0 |       0 |      22 |   0.0 |  1454
           D:3 |       0 |     497 |   0.0 |       0 |      31 |   0.0 |  1041
           D:4 |       0 |     399 |   0.0 |       0 |      16 |   0.0 |  1073
           D:5 |       0 |     550 |   0.0 |       0 |      25 |   0.0 |  1094
           D:6 |       0 |     776 |   0.0 |       0 |      23 |   0.0 |  1184
           D:7 |       0 |    1307 |   0.0 |       0 |      27 |   0.0 |  1822
           D:8 |       0 |     541 |   0.0 |       0 |       2 |   0.0 |   154
               +---------+---------+-------+---------+---------+-------+---------
